 Dungeon Crawl Stone Soup version 0.31.0-32-g396128a36d (webtiles) character file.

Game seed: 3603620183218717346

8676 Silvore the Cleaver (level 11, 0/97 HPs)
             Began as a Minotaur Fighter on Mar 9, 2024.
             Was a Believer of the Shining One.
             Slain by Lodul
             ... wielding a +1 dire flail of protection
              (19 damage)
             ... on level 10 of the Dungeon.
             The game lasted 00:09:48 (8973 turns).

Silvore the Cleaver (Minotaur Fighter)              Turns: 8973, Time: 00:09:49

Health: 0/97       AC: 16    Str: 25    XL:     11   Next: 13%
Magic:  10/10      EV:  9    Int:  5    God:    the Shining One [**....]
Gold:   501        SH:  5    Dex: 10    Spells: 10/10 levels left

rFire   . . .        a - +1 war axe (spect)
rCold   . . .        c - +0 buckler
rNeg    + . .        o - +1 chain mail
rPois   .            (helmet restricted)
rElec   .            s - +0 cloak
rCorr   .            J - +0 pair of gloves
SInv    .            (no boots)
Will    +....        (no amulet) Stlth
                     f - ring of willpower
HPRegen 0.36/turn    A - ring of flight
MPRegen 0.12/turn

%: no passive effects
@: mighty, flying, glowing
A: horns 2, retaliatory headbutt
a: Renounce Religion, Divine Shield


You were on level 10 of the Dungeon.
You worshipped the Shining One.
The Shining One was pleased with you.
You visited 2 branches of the dungeon, and saw 11 of its levels.
You also visited: Ossuary.

You collected 501 gold pieces.

Inventory:

Hand Weapons
 a - a +1 spectral war axe (weapon)
 e - a +0 morningstar
Armour
 b - a +0 scale mail
 c - a +0 buckler (worn)
 o - a +1 chain mail (worn)
 s - a +0 cloak (worn)
 C - the scarf of Jigsaw {+Inv, rC+}
   (You found it on level 7 of the Dungeon)

   rC+:       It protects you from cold.
 J - a +0 pair of gloves (worn)
Jewellery
 f - a ring of willpower (left hand)
 j - a ring of magical power
 n - a ring of protection from fire
 u - a +6 ring of intelligence
 v - a ring of magical power
 A - a ring of flight (right hand)
 L - a +5 ring of evasion
 M - a ring of resist corrosion
Wands
 K - a wand of paralysis (11)
 N - a wand of roots (2)
Scrolls
 m - a scroll of identify
 t - a scroll of fog
 w - a scroll of immolation
 y - a scroll of enchant armour
 B - a scroll of revelation
 D - 2 scrolls of amnesia
 E - a scroll of enchant weapon
 F - 4 scrolls of blinking
 H - 4 scrolls of teleportation
 I - 3 scrolls of poison
 O - a scroll of vulnerability
Potions
 d - 3 potions of might
 g - 3 potions of cancellation
 h - 2 potions of mutation
 i - 4 potions of berserk rage
 k - 6 potions of curing
 l - 2 potions of brilliance
 p - 2 potions of ambrosia
 q - a potion of magic
 r - a potion of enlightenment
 x - 2 potions of haste
 z - 2 potions of resistance
 G - a potion of attraction


   Skills:
 + Level 9.1 Fighting
 + Level 13.3(13.5) Axes
 + Level 2.8(9.1) Maces & Flails
 + Level 11.2 Armour
 + Level 3.1 Dodging
 + Level 1.2 Stealth
 + Level 7.7 Shields


You had 10 spell levels left.
You didn't know any spells.
Your spell library contained the following spells:

 Spells                   Type           Power      Damage    Failure   Level
 Sandblast                Erth           0%         2d4       94%         1
 Slow                     Hex            0%         N/A       94%         1
 Sting                    Conj/Alch      0%         1d3       94%         1
 Ensorcelled Hibernation  Hex/Ice        0%         N/A       98%         2
 Jinxbite                 Hex            0%         N/A       98%         2
 Mercury Vapours          Alch/Air       0%         N/A       98%         2
 Passwall                 Erth           0%         N/A       100%        3
 Stone Arrow              Conj/Erth      0%         3d7       100%        3
 Swiftness                Air            0%         N/A       100%        3
 Brom's Barrelling Bould  Conj/Erth      0%         2d3       100%        4
 Olgreb's Toxic Radiance  Alch           0%         N/A       100%        4
 Yara's Violent Unravell  Hex/Alch       0%         3d3       100%        5
 Enfeeble                 Hex            0%         N/A       100%        7


Dungeon Overview and Level Annotations

Branches:
Dungeon (10/15)            Temple (1/1) D:4            Lair (0/5) D:10
Ossuary (visited)
    Orc: D:9-12

Altars:
Ashenzari
Cheibriados
Dithmenos
Elyvilon
Fedhas
Gozag
Hepliaklqana
Kikubaaqudgha
Makhleb
Nemelex Xobeh
Okawaru
Qazlal
Ru
Sif Muna
Trog
Uskayaw
Vehumet
Wu Jian
Xom
Yredelemnul
Zin
The Shining One

Shops:
D:4 *   D:7 [   D:10 !

Annotations:
D:10 Lodul


Innate Abilities, Weirdness & Mutations

You have a pair of horns on your head.
You reflexively headbutt those who attack you in melee.


Message History

The bolt of lightning misses you. The ogre attacks as it pursues you!
The ogre hits you with a +0 giant spiked club.
There is an open door here.
You feel very mighty all of a sudden.
You hit the ogre.
You headbutt the ogre, but do no damage.
The ogre is moderately wounded.
The ogre closely misses you. You furiously retaliate!
You headbutt the ogre!!
You kill the ogre!
You slash the ogre! You headbutt the ogre!
The ogre is severely wounded.
The ogre barely misses you. You furiously retaliate!
You headbutt the ogre!
You kill the ogre!
You slice the ogre!!
The ogre is severely wounded.
The ogre closely misses you.
You slice the ogre!!
You kill the ogre!
You hit the ogre.
The ogre is almost dead.
The ogre closely misses you.
You slash the ogre!
You kill the ogre!
You slash the ogre! You headbutt the ogre!
The ogre is severely wounded.
The ogre hits you with a +0 giant club!
You slash the ogre!
You kill the ogre!
You hit the ogre. You headbutt the ogre!!
You kill the ogre!
You slash Lodul! You headbutt Lodul!!
Lodul is heavily wounded.
Lodul hits you with a +1 dire flail of protection!!
* * * LOW HITPOINT WARNING * * *
You slash Lodul! You headbutt Lodul.
Lodul is severely wounded.
You hit Lodul. You headbutt Lodul.
Lodul is almost dead.
Lodul hits you with a +1 dire flail of protection!!
You die...

########### #######.....≈)≈..
#...........≈≈≈.8 ..
.##########.....†........8_
...>........O##...........≈≈≈.8
..[ .......OO@...........≈)≈..
#.#####....##...........#####
#..........#####+#+#+#.#.#.#.
#...........# #.#.#.#.#.#.#.#
####.......O...#
##.#.#.#.#.#.#[
...............#
#.#.#.#.#[#.#.#
.....).........#
##.#.#.#.#.#.#.
..........)....#
#.#.#.#.#.#.#.#
.......?...#####
##.#.#.#.#.#.#.


You could see Lodul and 2 ogres.

Vanquished Creatures
  Erica (D:9)
  A two-headed ogre (D:10)
  Urug (D:10)
  An elephant (D:10)
  Maggie (D:7)
  Jeremiah (D:7)
  Psyche (D:10)
  A hornet (D:8)
  A wraith (D:9)
  4 yaks (D:9)
  A wyvern (D:10)
  2 steam dragons
  Edmund (D:5)
  3 acid dragons
  2 orc warriors
  5 black bears
  2 ice beasts
  9 ogres
  A centaur (D:8)
  Blork the orc (D:5)
  A weeping skull (Ossuary)
  2 bullfrogs
  A gnoll sergeant (D:6)
  3 scorpions
  5 wights
  4 killer bees
  7 howler monkeys
  3 hounds
  2 jellies
  3 bombardier beetles
  A spectral scorpion (Ossuary)
  3 orc priests
  2 iguanas
  4 sleepcaps
  8 orc wizards
  A crocodile zombie (Ossuary)
  A bullfrog simulacrum (Ossuary)
  2 mummies (Ossuary)
  17 gnolls
  10 adders
  3 shadow imps
  3 white imps
  2 ufetubi (D:6)
  5 adder zombies (Ossuary)
  A dart slug (D:5)
  A ribbon worm (D:2)
  23 orcs
  7 ball pythons
  7 endoplasms
  3 giant cockroaches
  9 gnoll zombies (Ossuary)
  10 goblins
  10 hobgoblins
  2 jackals (D:2)
  4 kobolds
  4 quokkas
  5 bats
  2 frilled lizards (D:2)
  2 goblin skeletons (D:6)
  2 goblin zombies (D:6)
  3 hobgoblin zombies (D:6)
  5 jackal zombies (Ossuary)
  An orc skeleton (D:6)
  An orc zombie (Ossuary)
  9 rats
244 creatures vanquished.

Vanquished Creatures (others)
  A spectral weapon (D:10)
1 creature vanquished.

Grand Total: 245 creatures vanquished

Notes
Turn   | Place    | Note
-------+----------+-------------------------------------------
     0 | D:1      | Silvore the Minotaur Fighter began the quest for the Orb.
     0 | D:1      | Reached XP level 1. HP: 19/19 MP: 0/0
   227 | D:1      | Reached XP level 2. HP: 27/27 MP: 1/1
   664 | D:2      | Found a faded altar of an unknown god.
   761 | D:2      | Reached skill level 3 in Axes
   763 | D:2      | Reached XP level 3. HP: 33/33 MP: 2/2
   828 | D:2      | Reached XP level 4. HP: 40/40 MP: 3/3
   905 | D:2      | Reached skill level 4 in Axes
  1481 | D:3      | Reached skill level 1 in Dodging
  1481 | D:3      | Reached XP level 5. HP: 44/46 MP: 4/4
  1564 | D:3      | Reached skill level 5 in Axes
  1775 | D:3      | Reached XP level 6. HP: 53/53 MP: 5/5
  2252 | D:4      | Found Gicwif's General Store.
  2294 | D:4      | Reached skill level 6 in Axes
  2394 | D:4      | Found a sacrificial altar of Ru.
  2475 | D:4      | Reached skill level 5 in Armour
  2608 | D:4      | Found a staircase to the Ecumenical Temple.
  2618 | D:4      | Reached skill level 5 in Fighting
  2618 | D:4      | Reached skill level 1 in Maces & Flails
  2620 | D:4      | Reached XP level 7. HP: 29/61 MP: 6/6
  2642 | Temple   | Entered the Ecumenical Temple
  3182 | D:5      | Entered Level 5 of the Dungeon
  3220 | D:5      | Noticed Edmund
  3226 | D:5      | Killed Edmund
  3265 | D:5      | Reached skill level 7 in Axes
  3282 | D:5      | Found a sand-covered staircase.
  3297 | Ossuary  | Entered an ossuary
  3550 | Ossuary  | Identified the +1 ring mail "Viusoet" {rN+ Slay+3}
  3617 | D:5      | Identified the +3 scale mail "Osehik" {Fly}
  3732 | D:5      | Reached XP level 8. HP: 70/70 MP: 7/7
  3905 | D:5      | Reached skill level 8 in Axes
  4096 | D:5      | Noticed Blork the orc
  4114 | D:5      | Killed Blork the orc
  4271 | D:5      | Reached skill level 5 in Shields
  4347 | D:5      | Reached skill level 9 in Axes
  4538 | D:6      | Found a glowing golden altar of the Shining One.
  4553 | D:6      | Became a worshipper of the Shining One
  4726 | D:6      | Found a sparkling altar of Nemelex Xobeh.
  4837 | D:6      | Found a snail-covered altar of Cheibriados.
  5021 | D:6      | Found a bloodstained altar of Trog.
  5048 | D:6      | Found a hide-covered altar of Uskayaw.
  5070 | D:6      | Identified the +1 leather armour of Vugom {Will+ Regen+
                  | Str+3}
  5259 | D:7      | Identified the scarf of Jigsaw {+Inv, rC+}
  5353 | D:7      | Found a blossoming altar of Fedhas.
  5361 | D:7      | Reached XP level 9. HP: 67/78 MP: 8/8
  5375 | D:7      | Reached skill level 10 in Axes
  5417 | D:7      | Found Zuec's Armour Shoppe.
  5653 | D:7      | Found a white marble altar of Elyvilon.
  5758 | D:7      | Identified the serpent talisman of Nemelex Xobeh's Esteem
                  | {rC++ Str-5 Int+2 Dex-4}
  5952 | D:7      | Noticed Maggie
  5964 | D:7      | Killed Maggie
  6168 | D:7      | Noticed Jeremiah
  6188 | D:7      | Killed Jeremiah
  6584 | D:8      | Found a broken altar of Ashenzari.
  6697 | D:8      | Reached * piety under the Shining One
  6710 | D:8      | Reached skill level 1 in Stealth
  6805 | D:8      | Reached skill level 11 in Axes
  7120 | D:8      | Found a shimmering blue altar of Sif Muna.
  7135 | D:8      | Got Sif Muna's Opusculum on Anathema
  7243 | D:9      | Reached XP level 10. HP: 86/88 MP: 9/9
  7262 | D:9      | Found a glowing silver altar of Zin.
  7594 | D:9      | Found a radiant altar of Vehumet.
  7594 | D:9      | Noticed Erica
  7602 | D:9      | Killed Erica
  7603 | D:9      | Reached skill level 12 in Axes
  8044 | D:10     | Entered Level 10 of the Dungeon
  8072 | D:10     | Found Zinnesat's Distillery.
  8108 | D:10     | Noticed an elephant
  8109 | D:10     | Noticed Psyche
  8111 | D:10     | Noticed a two-headed ogre
  8118 | D:10     | HP: 3/90 [two-headed ogre/+0 giant club (14)]
  8122 | D:10     | Killed a two-headed ogre
  8123 | D:10     | Reached skill level 10 in Armour
  8126 | D:10     | Killed an elephant
  8129 | D:10     | Reached skill level 13 in Axes
  8130 | D:10     | Killed Psyche
  8299 | D:10     | Found a staircase to the Lair.
  8353 | D:10     | Reached ** piety under the Shining One
  8403 | D:10     | Noticed Urug
  8413 | D:10     | HP: 4/91 [Urug/+0 double sword of freezing (16)]
  8415 | D:10     | HP: 1/91 [Urug/+0 double sword of freezing (10)]
  8419 | D:10     | Killed Urug
  8420 | D:10     | Reached XP level 11. HP: 26/97 MP: 10/10
  8902 | D:10     | Found an iron altar of Okawaru.
  8944 | D:10     | Noticed Lodul
  8973 | D:10     | Slain by Lodul

Illustrated notes

Levels and vault maps discovered:
D:1:      nzn_arrival_settlement, layout_loops_ring
D:2:      minmay_recursive_quarters, layout_basic,
          hellmonk_ecumenical_altar_lost_god
D:3:      layout_loops_ring
D:4:      minmay_general_purpose_star, layout_gridville,
          nicolae_ru_path_of_blood, minmay_temple_entry_overgrown, serial_shops,
          shop
D:5:      layout_basic, serial_glass, glass_columns_b, glass_columns_b,
          due_unseen_surprise, feat_on_display, minmay_strange_pillars,
          feat_on_display, enter_ossuary_1, uniq_blork_the_orc, uniq_edmund
D:6:      layout_loops_ring, mainiacjoe_overflow_boulevard,
          nicolae_tso_besieged_by_evil, mainiacjoe_overflow_tiny_flanked,
          mainiacjoe_overflow_two_lobes
D:7:      layout_layer_cave, mainiacjoe_overflow_small_starburst,
          mainiacjoe_overflow_surrounded_room, serial_shops, shop, uniq_maggie,
          uniq_jeremiah
D:8:      layout_rooms, general_overflow_altar, led_sif_book, dk_noncrumbling_3,
          kennysheep_generic_room_7
D:9:      layout_cave_pools, nicolae_vehumet_altar_sigil, zin_treasury,
          minmay_fractal_squares_diagonal_5, uniq_erica
D:10:     layout_basic, kennysheep_okawaru_gauntlet, david_lair_generic,
          orc_0_dummy, serial_shops, shop, uniq_lodul, uniq_psyche, uniq_urug
Temple:   chequers_temple_sunken

Skill      XL: |  1  2  3  4  5  6  7  8  9 10 11 |
---------------+----------------------------------+-----
Armour         | 4 5 6 7 8 10 11 | 11.2
Shields        | 4 5 7 |  7.7
Axes           | 3 4 5 6 7 9 11 13 | 13.3
Fighting       | 4 5 6 8 9 |  9.1
Dodging        | 1 2 3 |  3.1
Maces & Flails | 1 2 |  2.8
Stealth        | 1 |  1.2

Action                     |  1- 3 |  4- 6 |  7- 9 | 10-12 || total
---------------------------+-------+-------+-------+-------++-------
  Melee: War axe           |    52 |    88 |   221 |    97 ||   458
         Headbutt          |    10 |    25 |    52 |    31 ||   118
         Morningstar       |       |    31 |    15 |       ||    46
    Use: Scroll            |     5 |     8 |    12 |     3 ||    28
         Potion            |       |       |     1 |     6 ||     7
   Stab: Distracted        |       |       |     1 |       ||     1
 Armour: Scale mail        |     6 |       |       |       ||     6
         Chain mail        |    34 |   106 |   179 |    87 ||   406
  Dodge: Dodged            |    34 |    50 |    89 |    33 ||   206
  Block: Buckler           |    22 |    28 |    61 |    15 ||   126
